 Dungeon Crawl Stone Soup version 0.28-a0-1429-gf3d713df7a (webtiles) character file.

Game seed: 1397394846241734638

16859 Conn the Arsonist (level 12, -13/72 HPs)
             Began as an Octopode Fire Elementalist on Jan 8, 2022.
             Was an Elder of Sif Muna.
             Mangled by a tengu warrior (15 damage)
             ... on level 11 of the Dungeon.
             The game lasted 00:43:45 (15657 turns).

Conn the Arsonist (Octopode Fire Elementalist)     Turns: 15657, Time: 00:43:46

Health: -13/72     AC:  3    Str:  8    XL:     12   Next: 41%
Magic:  12/25      EV: 13    Int: 28    God:    Sif Muna [****..]
Gold:   397        SH:  7    Dex: 12    Spells: 10/29 levels left

rFire   x . .      SeeInvis .   A - +3 long sword (protect)
rCold   + . .      Faith    +   G - +2 buckler
rNeg    . . .      Spirit   .   g - +2 hat
rPois   +          Reflect  .   z - amulet of faith
rElec   .          Harm     .   t - ring of poison resistance
rCorr   +          Rampage  .   y - ring of flight
Will    .....                   c - ring of resist corrosion
Stlth   ++++......              l - +6 ring of intelligence
HPRegen 0.22/turn               v - ring of ice
MPRegen 0.19/turn               (no ring)
                                (no ring)
                                (no ring)

@: flying
A: almost no armour, amphibious, 8 rings, camouflage 1, gelatinous body 1,
(nimble swimmer 1), tentacles
a: Renounce Religion, Channel Magic, Forget Spell, Divine Exegesis


You were on level 11 of the Dungeon.
You worshipped Sif Muna.
Sif Muna was greatly pleased with you.
You visited 2 branches of the dungeon, and saw 13 of its levels.
You visited 1 bazaar.
You also visited: Bailey.

You collected 1257 gold pieces.
You spent 860 gold pieces at shops.

Inventory:

Hand Weapons
 p - a +1 short sword of electrocution
 A - a +3 long sword of protection (weapon)
Missiles
 o - 12 curare-tipped darts (quivered)
Armour
 g - a +2 hat (worn)
 u - an orb of wrath
 G - a +2 buckler (worn)
Jewellery
 c - a ring of resist corrosion (on tentacle)
 l - a +6 ring of intelligence (on tentacle)
 t - a ring of poison resistance (left tentacle)
 v - a ring of ice (on tentacle)
 y - a ring of flight (right tentacle)
 z - an amulet of faith (around mantle)
Wands
 r - a wand of polymorph (7)
 E - a wand of iceblast (4)
 H - a wand of flame (6)
Scrolls
 b - 2 scrolls of teleportation
 k - 2 scrolls of identify
 m - a scroll of amnesia
 C - a scroll of immolation
 F - a scroll of fog
Potions
 f - 5 potions of curing
 h - 2 potions of attraction
 i - a potion of haste
 j - a potion of flight
 w - a potion of brilliance
 x - 2 potions of might
 D - a potion of magic


   Skills:
 + Level 2.7 Fighting
 + Level 2.4(3.2) Short Blades
 + Level 3.0(3.5) Long Blades
 + Level 1.9 Throwing
 + Level 3.6 Dodging
 + Level 7.4 Stealth
 + Level 6.0 Shields
 + Level 9.1 Spellcasting
 + Level 7.5 Conjurations
 + Level 3.8 Hexes
 + Level 9.6 Fire Magic
 + Level 4.4 Air Magic
 + Level 0.3 Earth Magic
 - Level 6.0 Invocations
 + Level 1.0 Evocations


You had 10 spell levels left.
You knew the following spells:

 Your Spells              Type           Power      Damage    Failure   Level
a - Foxfire               Conj/Fire      100%       2x1d9     1%          1
b - Conjure Flame         Conj/Fire      57%        6-21      1%          3
c - Inner Flame           Hex/Fire       50%        N/A       1%          3
d - Flame Wave            Conj/Fire      57%        2d9       1%          4
e - Scorch                Fire           100%       2d10      1%          2
f - Swiftness             Air            37%        N/A       2%          3
g - Stone Arrow           Conj/Erth      68%        3d11      3%          3

Your spell library contained the following spells:

 Spells                   Type           Power      Damage    Failure   Level
 Slow                     Hex            100%       N/A       1%          1
 Dazzling Flash           Conj/Hex       88%        N/A       1%          3
 Corpse Rot               Necr/Air       50%        N/A       3%          2
 Animate Skeleton         Necr           24%        N/A       5%          1
 Pain                     Necr           48%        1d6       5%          1
 Passwall                 Tmut/Erth      10%        N/A       8%          2
 Portal Projectile        Hex/Tloc       46%        N/A       8%          3
 Vampiric Draining        Necr           12%        2d6       17%         3
 Dispel Undead            Necr           12%        3d9       50%         4
 Death Channel            Necr           6%         N/A       100%        6
 Enfeeble                 Hex            17%        N/A       100%        7
 Lehudib's Crystal Spear  Conj/Erth      17%        10d5      100%        8
 Animate Armour           Summ/Erth      Unusable   N/A       N/A         4

Dungeon Overview and Level Annotations

Branches:
Dungeon (12/15)            Temple (1/1) D:5            Lair (0/6) D:10
    Orc (0/2) D:9          Bailey (visited)

Altars:
Ashenzari
Dithmenos
Fedhas
Gozag
Hepliaklqana
Kikubaaqudgha
Makhleb
Nemelex Xobeh
Qazlal
Ru
Sif Muna
Vehumet
Wu Jian
Xom
Yredelemnul
Zin
The Shining One
Beogh


Innate Abilities, Weirdness & Mutations

You cannot wear most types of armour.
You are amphibious.
You can wear up to eight rings at the same time.
Your skin changes colour to match your surroundings (Stealth+).
Your rubbery body absorbs attacks. (AC +1, EV +1)
((You are camouflaged when in or above water. (Stealth+)))
You have tentacles for arms and can constrict up to eight enemies at once.


Message History

The tengu warrior is almost dead.
The foxfire hits the tengu warrior.
Flame seeps out of the tengu warrior.
The tengu warrior is almost dead.
The tengu warrior is engulfed in blazing flames.
Flame seeps out of the tengu warrior.
The tengu warrior hits you with a +1 battleaxe!
* * * LOW HITPOINT WARNING * * *
You block the tengu warrior's attack. The tengu warrior closely misses you.
Okay, then.
Okay, then.
Unknown command.
Unknown command.
Okay, then.
Okay, then.
Okay, then.
Unknown command.
Throw: 3 throwing nets
Press: ? - help, Q - select action, (/) - cycle Shift-Dir - straight line, f - tengu warrior
Aim: a tengu warrior, wielding a +1 battleaxe, wearing the +1 chain mail "Erphisk" {Fly Regen+ MP+9} and wearing a ring of protection from cold (almost dead, inner flame, 38% to hit)
You throw a throwing net.
The throwing net misses the tengu warrior.
You block the tengu warrior's attack. The tengu warrior barely misses you.
The tengu warrior claws you.
* * * LOW HITPOINT WARNING * * *
Throw: 2 throwing nets
Press: ? - help, Q - select action, (/) - cycle Shift-Dir - straight line, f/p - tengu warrior
Aim: a tengu warrior, wielding a +1 battleaxe, wearing the +1 chain mail "Erphisk" {Fly Regen+ MP+9} and wearing a ring of protection from cold (almost dead, inner flame, 38% to hit)
You throw a throwing net.
The throwing net closely misses the tengu warrior.
You block the tengu warrior's attack.
The tengu warrior pecks you but does no damage.
The tengu warrior claws you.
* * * LOW HITPOINT WARNING * * *
Throw: throwing net
Press: ? - help, Q - select action, (/) - cycle Shift-Dir - straight line, f/p - tengu warrior
Aim: a tengu warrior, wielding a +1 battleaxe, wearing the +1 chain mail "Erphisk" {Fly Regen+ MP+9} and wearing a ring of protection from cold (almost dead, inner flame, 38% to hit)
You throw a throwing net.
The throwing net barely misses the tengu warrior.
The tengu warrior hits you with a +1 battleaxe!
You die...

####### ......# ......#
......#
......#################
......>..<......@..?..#
.......####.##.Q#####.#
.......# #.###.## #.# ######.#
#.# #..# #.# #.####.# ##.##
#.# # #......# #..# #.# ##
#.##########)###.##########.
#...........................
####..........................


You could see a tengu warrior (inner flame).

Vanquished Creatures
  2 hydras (D:11)
  Harold (D:8)
  A centaur warrior (D:10)
  3 two-headed ogres
  2 orc knights (Bailey)
  3 cyclopes
  2 ugly things (D:11)
  A gargoyle (D:12)
  Psyche (D:8)
  2 kobold demonologists (D:9)
  2 trolls
  2 hornets
  10 yaks
  2 shadows
  A wraith (D:12)
  A wyvern (D:8)
  A vampire (D:12)
  A human (shapeshifter) (D:11)
  A vampire mosquito (D:11)
  2 steam dragons
  2 water moccasins (D:10)
  12 orc warriors
  A sky beast (D:5)
  3 black bears
  2 centaurs
  3 ogres
  A phantom (D:6)
  10 kobold brigands
  6 bullfrogs
  A gnoll sergeant (D:6)
  A scorpion (D:5)
  9 killer bees
  3 wights (D:9)
  7 howler monkeys
  2 centaur zombies
  3 jellies
  A hound (D:5)
  4 orc priests
  3 iguanas
  7 orc wizards
  A hound skeleton (D:4)
  2 howler monkey zombies (D:5)
  5 gnolls (D:6)
  6 adders
  A howler monkey skeleton (D:7)
  A white imp (D:7)
  An ufetubus (D:7)
  An adder skeleton (D:4)
  4 dart slugs
  54 orcs
  5 endoplasms
  3 giant cockroaches
  8 goblins
  12 hobgoblins
  9 jackals
  19 kobolds
  6 quokkas
  5 ball pythons
  5 bats
  6 frilled lizards
  6 rats
282 creatures vanquished.

Vanquished Creatures (collateral kills)
  A foxfire (Bailey)
1 creature vanquished.

Vanquished Creatures (others)
  3 orcs (D:8)
  1023 foxfires
  31 fungi (D:10)
  34 plants (D:10)
1091 creatures vanquished.

Grand Total: 1374 creatures vanquished

Notes
Turn   | Place    | Note
-------+----------+-------------------------------------------
     0 | D:1      | Conn the Octopode Fire Elementalist began the quest for the
                  | Orb.
     0 | D:1      | Reached XP level 1. HP: 11/11 MP: 3/3
   275 | D:1      | Reached XP level 2. HP: 17/17 MP: 5/5
   705 | D:1      | Found a faded altar of an unknown god.
   957 | D:1      | Reached XP level 3. HP: 22/22 MP: 6/6
  1359 | D:2      | Learned a level 3 spell: Conjure Flame
  1871 | D:2      | Reached XP level 4. HP: 27/27 MP: 3/8
  2633 | D:3      | Reached skill level 1 in Short Blades
  2809 | D:3      | Found a stormy altar of Qazlal.
  3017 | D:3      | Reached XP level 5. HP: 32/32 MP: 5/9
  3823 | D:3      | Learned a level 3 spell: Inner Flame
  4254 | D:4      | Found a shimmering altar of Xom.
  4955 | D:5      | Entered Level 5 of the Dungeon
  4984 | D:5      | Reached XP level 6. HP: 37/37 MP: 5/10
  5050 | D:5      | Noticed a sky beast
  5056 | D:5      | Reached skill level 1 in Fighting
  5061 | D:5      | Reached XP level 7. HP: 28/43 MP: 4/12
  5171 | D:4      | Learned a level 4 spell: Flame Wave
  5174 | D:4      | Learned a level 2 spell: Scorch
  5267 | D:5      | Noticed a shadow
  5274 | D:5      | Killed a shadow
  5275 | D:5      | Reached skill level 5 in Stealth
  5275 | D:5      | Reached skill level 5 in Fire Magic
  5702 | D:5      | Found a sacrificial altar of Ru.
  5931 | D:5      | Found a staircase to the Ecumenical Temple.
  5939 | D:5      | Reached XP level 8. HP: 27/48 MP: 9/14
  6101 | D:5      | Found a burning altar of Makhleb.
  6153 | Temple   | Entered the Ecumenical Temple
  6256 | Temple   | Became a worshipper of Sif Muna the Loreminder
  6715 | D:6      | Reached skill level 1 in Hexes
  6943 | D:6      | Reached skill level 5 in Spellcasting
  7293 | D:7      | Reached * piety under Sif Muna
  7507 | D:7      | Reached skill level 1 in Long Blades
  7827 | D:7      | Noticed a shadow
  7832 | D:7      | Killed a shadow
  7833 | D:7      | Reached XP level 9. HP: 53/53 MP: 2/17
  8009 | D:7      | Reached skill level 5 in Conjurations
  8184 | D:7      | Noticed a hornet
  8190 | D:7      | Killed a hornet
  8651 | D:7      | Learned a level 3 spell: Swiftness
  8716 | D:8      | Found a flagged portal.
  8730 | Bailey   | Entered a bailey
  8747 | Bailey   | Reached ** piety under Sif Muna
  8768 | Bailey   | Reached skill level 1 in Invocations
  9085 | Bailey   | Noticed an orc knight
  9086 | Bailey   | Reached skill level 1 in Shields
  9086 | Bailey   | Reached skill level 1 in Air Magic
  9089 | Bailey   | Noticed an orc knight
  9092 | Bailey   | Reached skill level 1 in Throwing
  9095 | Bailey   | Killed an orc knight
  9095 | Bailey   | Killed an orc knight
  9096 | Bailey   | Reached XP level 10. HP: 58/58 MP: 1/19
  9251 | Bailey   | Found an iron altar of Okawaru.
  9682 | D:8      | Reached *** piety under Sif Muna
 10635 | D:8      | Noticed a two-headed ogre
 10651 | D:8      | Killed a two-headed ogre
 10664 | D:8      | Noticed Harold
 10679 | D:8      | Killed Harold
 10680 | D:8      | Reached skill level 5 in Invocations
 10680 | D:8      | Reached XP level 11. HP: 58/64 MP: 0/22
 11079 | D:8      | Noticed Psyche
 11094 | D:8      | Killed Psyche
 11803 | D:9      | Reached **** piety under Sif Muna
 11873 | D:9      | Reached skill level 5 in Shields
 11992 | D:9      | Found a sparkling altar of Nemelex Xobeh.
 12001 | D:9      | Found a hazy altar of Hepliaklqana.
 12841 | D:9      | Found a staircase to the Orcish Mines.
 13121 | D:10     | Entered Level 10 of the Dungeon
 13244 | D:10     | Noticed a centaur warrior
 13253 | D:10     | Killed a centaur warrior
 13833 | D:10     | Found a staircase to the Lair.
 13928 | D:10     | You are sucked into a shaft and drop 2 floors!
 13997 | D:12     | Noticed a cyclops
 14100 | D:12     | Killed a cyclops
 14399 | D:12     | Reached ***** piety under Sif Muna
 14547 | D:11     | Noticed a cyclops
 14561 | D:11     | Noticed a two-headed ogre
 14565 | D:11     | Killed a cyclops
 14565 | D:11     | Killed a two-headed ogre
 14566 | D:11     | Reached XP level 12. HP: 54/70 MP: 1/24
 14566 | D:11     | Noticed a two-headed ogre
 14573 | D:11     | Noticed a tengu warrior
 14576 | D:11     | Killed a two-headed ogre
 14577 | D:11     | Reached skill level 1 in Evocations
 14614 | D:11     | Noticed a seven-headed hydra
 14766 | D:11     | Found a flickering gateway to a bazaar.
 14773 | Bazaar   | Entered a bazaar
 14984 | Bazaar   | Found Acet's Antique Armour Shop.
 15018 | Bazaar   | Found Rewei's Jewellery Shop.
 15026 | Bazaar   | Bought a +6 ring of intelligence for 643 gold pieces
 15040 | Bazaar   | Bought a glowing buckler for 217 gold pieces
 15069 | D:11     | Received a gift from Sif Muna
 15070 | D:11     | Got Sif Muna's Incunabulum of Enchantment {god gift}
 15077 | D:11     | Learned a level 3 spell: Stone Arrow
 15113 | D:11     | Killed a seven-headed hydra
 15307 | D:11     | Noticed a four-headed hydra
 15314 | D:11     | Killed a four-headed hydra
 15639 | D:11     | Identified the +1 chain mail "Erphisk" {Fly Regen+ MP+9}
 15639 | D:11     | Noticed a tengu warrior
 15656 | D:11     | HP: 2/72 [tengu warrior (2)]
 15657 | D:11     | Mangled by a tengu warrior

Illustrated notes

Levels and vault maps discovered:
D:1:      lightli_arrival_windingriver, layout_basic,
          hellmonk_ecumenical_altar_leap_of_faith, minmay_pentomino_q2
D:2:      layout_loops_cross
D:3:      layout_basic, overflow_temple_1_default
D:4:      layout_basic, mainiacjoe_overflow_alcove_4
D:5:      layout_rooms, bloody_makhleb, nicolae_overflow_hidden_temple,
          minmay_temple_entry_fiery, minmay_statues_item
D:6:      layout_rooms, grunt_ministairs_15
D:7:      layout_gridville
D:8:      layout_basic, enter_bailey_3, special_room [special_room_orc],
          hangedman_abyss_or_decor_stabs, grunt_ministairs_9, ldierk_geyser,
          uniq_harold, uniq_psyche
D:9:      layout_roguey, amethyst_overflow_temple_binary, david_orc_1_choice
D:10:     layout_stronghold, due_lair_maze_entry_diamond, uniq_fannar
D:11:     minmay_the_grid_octo_triangle [minmay_the_grid_octo_fan_narrow,
          minmay_the_grid_octo_prize_star, minmay_the_grid_octo_checkered],
          layout_basic, serial_shops, bzr_entry_customers
D:12:     layout_cave_pods
Temple:   eino_temple_scatter_basement

Skill      XL: |  1  2  3  4  5  6  7  8  9 10 11 12 |
---------------+-------------------------------------+-----
Stealth        | 3 4 5 6 7 |  7.4
Fire Magic     | 4 5 6 7 9 |  9.6
Short Blades   | 1 2 |  2.4
Spellcasting   | 3 4 5 6 7 8 9 |  9.1
Conjurations   | 2 3 4 6 7 |  7.5
Fighting       | 1 2 |  2.7
Hexes          | 1 2 3 |  3.8
Dodging        | 3 |  3.6
Long Blades    | 1 2 3 |  3.0
Invocations    | 3 5 6 |  6.0
Shields        | 2 4 5 6 |  6.0
Air Magic      | 2 4 |  4.4
Throwing       | 1 |  1.9
Evocations     | 1 |  1.0
Earth Magic    | |  0.3

Action                   |  1- 3 |  4- 6 |  7- 9 | 10-12 || total
-------------------------+-------+-------+-------+-------++-------
Melee: Short sword       |    15 |    44 |     3 |       ||    62
       Tentacles         |     4 |     7 |     5 |    16 ||    32
       Constrict         |     1 |    10 |     4 |     9 ||    24
       Punch             |     1 |       |     1 |       ||     2
       Long sword        |       |       |    18 |    56 ||    74
Throw: Dart              |       |     1 |     2 |    11 ||    14
       Throwing net      |       |       |       |     3 ||     3
 Cast: Foxfire           |    62 |   101 |   188 |   236 ||   587
       Inner Flame       |       |       |    11 |    53 ||    64
       Scorch            |       |       |     1 |    33 ||    34
       Conjure Flame     |       |       |     1 |    11 ||    12
       Flame Wave        |       |       |       |    10 ||    10
       Stone Arrow       |       |       |       |     2 ||     2
Invok: Channel Magic     |       |       |       |     1 ||     1
Evoke: Wand              |       |       |       |     7 ||     7
  Use: Scroll            |       |       |    13 |    12 ||    25
       Potion            |       |       |     6 |     6 ||    12
 Stab: Sleeping          |     6 |     8 |     5 |     5 ||    24
       Paralysed         |       |       |       |     1 ||     1
Armor: Skin              |       |     7 |     1 |    49 ||    57
Dodge: Dodged            |     8 |    24 |    25 |    98 ||   155
Block: Buckler           |       |       |       |    26 ||    26

Table legend: (Time is in decaauts)
 A = Elapsed time spent in this place.
 B = Non-inter-level travel time spent in this place.
 C = Inter-level travel time spent in this place.
 D = Time resting spent in this place.
 E = Time spent auto-exploring this place.
 F = Levels seen in this place.
 G = Mean time per level.
                   A        B        C        D        E       F      G
               +--------+--------+--------+--------+--------+-----+--------+
         Total |  15683 |  15420 |    263 |   1171 |  10998 |  15 | 1045.5 |
       Dungeon |  14700 |  14451 |    249 |    849 |  10689 |  12 | 1225.0 |
        Temple |    116 |    103 |     13 |      0 |     82 |   1 |  116.0 |
        Bazaar |    294 |    294 |      0 |    206 |      0 |   1 |  294.0 |
        Bailey |    572 |    572 |      0 |    116 |    227 |   1 |  572.0 |
               +--------+--------+--------+--------+--------+-----+--------+

Top non-repeatable levels by time:
     D:8: 2297 daAuts
     D:9: 1594 daAuts
     D:3: 1531 daAuts
     D:4: 1432 daAuts
     D:7: 1421 daAuts
     D:1: 1344 daAuts
     D:2: 971 daAuts
     D:6: 943 daAuts
     D:5: 919 daAuts
    D:10: 806 daAuts
    D:11: 769 daAuts
    D:12: 668 daAuts
  Bailey: 572 daAuts
  Bazaar: 294 daAuts
  Temple: 116 daAuts
